AoeStats
← Kiritastrich

Nomad

513791273Analyzed
1v1 RM · 4d ago on Oct 15, 2026· 28m 16s· 2 players
Game mode
Random Map
Map size
126×126
Population
200
Speed
Normal
Resources
Standard
Victory
Conquest
Starting age
Dark Age
Ending age
Imperial Age
RankedLock teamsTeams togetherTeam positionsShared explorationLock speedFull tech treeHidden civsTurbo modeCheats
Victory
Defeat
🇦🇺 Maya · Australia
1961
+13
vs
🇷🇺 Franks · Russia
1897
-13
Kiritastrich
3:51 Loom
16:47 Feudal Age
20:34 Castle Age
19:09 Fishing Lines
21:05 Forging
21:22 Double-Bit Axe
21:49 Medium Warships
21:49 Scale Barding Armor
21:07 Light Cavalry
Bog Sauce
8:24 Loom
14:23 Feudal Age
18:09 Castle Age
18:39 Town Watch
19:21 Double-Bit Axe
19:27 Fletching
20:44 Fishing Lines
21:25 Bodkin Arrow
26:25 Padded Archer Armor
27:12 Medium Warships
27:48 Bow Saw
28:31 Ballistics
Connection lost

Rejoining the realm…

Still unreachable

The connection could not be restored.

Session expired

The server has moved on; the page needs a fresh start.